 Dungeon Crawl Stone Soup version 0.28.0 (webtiles) character file.

Game seed: 12229056887147123205

38563 Morbidden the Martial Artist (level 13, -1/96 HPs)
             Began as a Demonspawn Conjurer on Feb 15, 2022.
             Was the Champion of Jiyva.
             Engulfed by a cloud of flame (30 damage)
             ... on level 6 of the Lair of Beasts.
             The game lasted 00:42:05 (18381 turns).

Morbidden the Martial Artist (Demonspawn Conjurer) Turns: 18381, Time: 00:42:05

Health: -1/96      AC: 14    Str: 12    XL:     13   Next: 64%
Magic:  22/26      EV: 20    Int: 30    God:    Jiyva [******]
Gold:   1080       SH:  0    Dex: 11    Spells: 20/31 levels left

rFire   x . .      SeeInvis +     - Unarmed
rCold   + . .      Faith    .   (no shield)
rNeg    . . .      Spirit   .   a - +2 robe of Failure {Slay+2 SInv}
rPois   .          Reflect  .   (helmet unavailable)
rElec   +          Harm     .   J - +2 cloak of Cesulu {rElec rF- rC+ Str+3}
rCorr   +          Rampage  .   (gloves unavailable)
Will    .....      Clarity  +   g - +1 pair of boots {Fly}
Stlth   ++++......              q - amulet of regeneration
HPRegen 2.66/turn               C - +6 ring of intelligence
MPRegen 0.90/turn               r - +4 ring of evasion

@: flying, studying Axes
A: claws 3, slimy green scales 2, spiny 1, magic regeneration, horns 3, clarity,
eyeballs 1, gelatinous body 2, translucent skin 1, MP-powered wands
a: Renounce Religion, Oozemancy, Slimify


You were on level 6 of the Lair of Beasts.
You worshipped Jiyva.
Jiyva was exalted by your worship.
You visited 3 branches of the dungeon, and saw 18 of its levels.
You also visited: Bailey and Gauntlet.

You collected 1260 gold pieces.
You spent 180 gold pieces at shops.

Inventory:

Hand Weapons
 o - a +1 whip of venom
 u - a +4 dagger of flaming
Missiles
 b - 2 throwing nets
 k - 8 poisoned darts (quivered)
 m - 8 javelins
 v - 20 boomerangs
 H - 4 curare-tipped darts
Armour
 a - the +2 robe of Failure (worn) {Slay+2 SInv}
   (You found it on level 7 of the Dungeon)

   Slay:      It affects your accuracy & damage with ranged weapons and melee
   (+2).
   SInv:      It lets you see invisible.
 c - a +1 hat
 g - a +1 pair of boots of flying (worn)
 w - an orb of guile
 y - a +0 pair of gloves
 A - a +1 cloak
 B - a +3 leather armour of cold resistance
 D - +0 steam dragon scales
 G - a +1 troll leather armour
 J - the +2 cloak of Cesulu (worn) {rElec rF- rC+ Str+3}
   (You acquired it on level 10 of the Dungeon)

   Str:       It affects your strength (+3).
   rF:        It makes you vulnerable to fire.
   rC:        It protects you from cold.
   rElec:     It insulates you from electricity.
Jewellery
 e - an amulet of faith
 f - an amulet of the acrobat
 i - a ring of flight
 q - an amulet of regeneration (around neck)
 r - a +4 ring of evasion (right claw)
 t - a ring of resist corrosion
 C - a +6 ring of intelligence (left claw)
 E - a +6 ring of strength
 K - the amulet "Sum Qaaf" {Fly rF- Regen+ Str+3}
   (You found it in a Gauntlet)

   [amulet of regeneration]

   Str:       It affects your strength (+3).
   rF:        It makes you vulnerable to fire.
   Fly:       It grants you flight.
   Regen:     It increases your rate of health regeneration.
 S - a ring of fire
Wands
 p - a wand of iceblast (31)
 s - a wand of flame (30)
 R - a wand of acid (3)
 W - a wand of digging (4)
Scrolls
 h - a scroll of torment
 n - 4 scrolls of teleportation
 x - 3 scrolls of amnesia
 L - 2 scrolls of holy word {unknown}
 O - 2 scrolls of magic mapping {unknown}
 Q - 5 scrolls of identify {unknown}
 T - 2 scrolls of immolation {unknown}
Potions
 d - 4 potions of curing
 j - 3 potions of heal wounds
 l - 2 potions of flight
 z - 2 potions of might {unknown}
 F - 2 potions of resistance {unknown}
 I - a potion of haste {unknown}
 M - a potion of lignification
 P - a potion of cancellation {unknown}
 U - a potion of invisibility {unknown}
 V - a potion of ambrosia {unknown}
Miscellaneous
 N - a box of beasts


   Skills:
 * Level 7.5 Fighting
 + Level 0.8 Maces & Flails
 * Level 7.1 Dodging
 + Level 5.2 Stealth
 * Level 10.5 Unarmed Combat
 * Level 9.8 Spellcasting
 * Level 10.2 Conjurations
 * Level 2.7 Fire Magic
 + Level 6.9 Poison Magic
 * Level 7.6 Evocations


You had 20 spell levels left.
You knew the following spells:

 Your Spells              Type           Power      Damage    Failure   Level
a - Flame Wave            Conj/Fire      52%        2d11      2%          4
b - Searing Ray           Conj           100%       2d8       1%          2
c - Magic Dart            Conj           100%       1d8       1%          1
z - Olgreb's Toxic Radia  Pois           54%        N/A       1%          4

Your spell library contained the following spells:

 Spells                   Type           Power      Damage    Failure   Level
 Foxfire                  Conj/Fire      100%       2x1d9     1%          1
 Sting                    Tmut/Pois      100%       1d8       1%          1
 Poisonous Vapours        Pois/Air       70%        N/A       1%          2
 Conjure Flame            Conj/Fire      52%        6-21      1%          3
 Dazzling Flash           Conj/Hex       90%        N/A       1%          3
 Iskenderun's Battlesphe  Conj           66%        2d12      1%          5
 Spider Form              Tmut/Pois      35%        N/A       2%          3
 Fulminant Prism          Conj/Hex       22%        3d13      4%          4
 Iskenderun's Mystic Bla  Conj/Tloc      45%        2d10      4%          4
 Ensorcelled Hibernation  Hex/Ice        28%        N/A       5%          2
 Sublimation of Blood     Necr           14%        N/A       5%          2
 Inner Flame              Hex/Fire       22%        N/A       6%          3
 Irradiate                Conj/Tmut      22%        3d21      12%         5
 Anguish                  Hex/Necr       7%         N/A       34%         4
 Petrify                  Tmut/Erth      14%        N/A       34%         4
 Summon Ice Beast         Ice/Summ       14%        N/A       34%         4
 Iron Shot                Conj/Erth      22%        9d5       56%         6
 Lee's Rapid Deconstruct  Erth           7%         3d7*      69%         5
 Summon Mana Viper        Hex/Summ       14%        N/A       69%         5
 Spellforged Servitor     Conj/Summ      22%        N/A       98%         7
 Monstrous Menagerie      Summ           7%         N/A       100%        7
 Chain Lightning          Conj/Air       22%        3d30      100%        9
 Fire Storm               Conj/Fire      26%        8d7       100%        9
 Shatter                  Erth           7%         3d9*      100%        9


Dungeon Overview and Level Annotations

Branches:
Dungeon (11/15)            Temple (1/1) D:4            Lair (6/6) D:10
  Swamp (0/4) Lair:3       Spider (0/4) Lair:4        Slime (0/5) Lair:5
    Orc (0/2) D:9          Bailey (visited)         Gauntlet (visited)

Altars:
Ashenzari
Cheibriados
Dithmenos
Elyvilon
Fedhas
Gozag
Hepliaklqana
Kikubaaqudgha
Makhleb
Nemelex Xobeh
Okawaru
Qazlal
Ru
Sif Muna
Trog
Uskayaw
Vehumet
Wu Jian
Xom
Yredelemnul
Zin
The Shining One
Jiyva

Shops:
D:1 ?   D:10 !

Annotations:
D:11 1 runed translucent door, RaderH2O's ghost, journeyman MiBe
Lair:5 3 runed translucent doors, Wolly's ghost, journeyman CeAM
Lair:6 3 runed translucent doors


Innate Abilities, Weirdness & Mutations

You have claws for hands.
You are mostly covered in slimy green scales. (AC +3)
You are partially covered in sharp spines.
You regenerate magic rapidly.
You have a pair of large horns on your head.
You possess an exceptional clarity of mind.
Your body has grown eyes which may confuse attackers. (Acc +3)
Your pliable body absorbs attacks. (AC +2, EV +2)
Your translucent skin slightly reduces your foes' accuracy. (Stealth+)
You expend magic power (3 MP) to strengthen your wands.


Message History

A wave of flame ripples out!
The flame wave engulfs the hellwing!
The hellwing is heavily wounded.
The flame wave engulfs the orange demon!
The orange demon is moderately wounded.
The tree burns like a torch!
The hell hound looks even sicker.
The rime drake looks even sicker.
Your toxic aura wanes.
You hear a shout!
You hear a bark!
An orange demon comes into view.
The hellwing misses you. x2; The orange demon completely misses you.
You hear a bark!
The forest fire spreads!
A wave of flame ripples out!
The flame wave engulfs the hellwing.
The hellwing is heavily wounded.
The flame wave engulfs the orange demon!
The orange demon is severely wounded.
The tree burns like a torch!
The flame wave engulfs the hell hound.
The hell hound completely resists.
The hell hound is moderately wounded.
You finish channelling waves of flame.
You are engulfed in blazing flames.
An ice devil comes into view.
The hellwing is engulfed in blazing flames.
The hellwing closely misses you.
The hellwing hits you but does no damage.
A wizard comes into view. It is wielding a +0 dagger.
The orange demon stings you from afar.
The forest fire spreads! x5
Unknown command.
The hellwing is engulfed in blazing flames.
You kill the hellwing!
The forest fire spreads! x2
Unknown command.
Unknown command.
You are engulfed in blazing flames.
* * * LOW HITPOINT WARNING * * *
The forest fire spreads! x6
Unknown command.
The forest fire spreads! x4
Unknown command.
You are engulfed in blazing flames.
You die...

#.8... ♣♣ p8.#..
♣§§♣♣ 84#k..#♣§.§§♣
.8.h#§§§§§♣♣♣♣ ♣♣
.4#§§§§§♣..♣♣...
###§§§§§§.....♣..
♣♣§§§§§§§♣........
♣§§§§§§§§S........
♣@°§§§§§§§....††..
♣..§§§.§§§§§........
♣...♣§.§♣§♣§§....†...
♣..♣♣§♣♣♣♣♣♣
......... .... ♣
..♣....... ♣♣..
♣♣♣♣♣..♣..♣ ♣♣ ♣♣♣.♣♣
♣♣. ..


There were no monsters in sight!

Vanquished Creatures
  A hell beast (Gauntlet)
  3 hydras
  A centaur warrior (D:9)
  3 death yaks (Lair:5)
  Sonja (Lair:3)
  A sixfirhy (Lair:6)
  2 orc knights (Bailey)
  3 oklob plants (Lair:5)
  A deep elf pyromancer (D:11)
  11 elephants
  Joseph (Lair:1)
  8 cane toads
  A black mamba (Lair:6)
  3 rime drakes
  11 komodo dragons
  2 trolls (D:9)
  A hellwing (Lair:6)
  2 polar bears
  3 blink frogs (Lair:2)
  A hornet (D:10)
  A dream sheep (Lair:2)
  A meliai zombie (D:11)
  2 vampires
  36 yaks
  2 wraiths (D:11)
  Eustachio (D:4)
  7 wyverns
  5 basilisks
  3 redbacks (Lair:4)
  A steam dragon (D:7)
  8 water moccasins
  Duvessa (D:7)
  A hell hound (Lair:6)
  A black bear (D:5)
  11 orc warriors
  7 wolves
  2 ogres
  2 centaurs (D:11)
  A kobold brigand (D:9)
  6 bullfrogs
  A gnoll sergeant (D:4)
  3 scorpions
  A water moccasin zombie (D:6)
  A water moccasin skeleton (D:5)
  15 wights
  Dowan (D:7)
  5 howler monkeys
  5 centaur zombies
  2 bullfrog zombies
  6 orc priests
  2 jellies
  Crazy Yiuf (D:6)
  A gnoll shaman (D:5)
  3 iron imps (D:3)
  3 iguanas
  5 orc wizards
  3 killer bee zombies
  Robin (D:4)
  19 gnolls
  8 adders
  An ufetubus (D:5)
  An adder skeleton (D:4)
  An adder zombie (D:4)
  2 worms (D:2)
  A dart slug (D:2)
  30 orcs
  8 bats
  3 endoplasms
  5 giant cockroaches
  22 goblins
  14 hobgoblins
  6 jackals
  24 kobolds
  4 quokkas
  7 ball pythons
  3 frilled lizards (D:1)
  7 rats
384 creatures vanquished.

Vanquished Creatures (collateral kills)
  Gastronok (Lair:1)
  A minotaur (Gauntlet)
  Erolcha (D:9)
  2 ugly things (Gauntlet)
  A black mamba (Lair:3)
  A cane toad (Lair:1)
  A komodo dragon (Lair:3)
  3 yaks (Lair:1)
  A water moccasin (Lair:1)
  2 bullfrogs
14 creatures vanquished.

Vanquished Creatures (others)
  A great orb of eyes (Gauntlet)
  A wyvern (Lair:2)
  5 water moccasins
  A black bear (Lair:3)
  A wolf (Lair:1)
  3 centaurs
  2 bullfrogs (Lair:2)
  A scorpion (D:6)
  64 jellies
  An orc priest (D:8)
  3 orc wizards
  A gnoll (D:5)
  5 orcs
  A demonic plant (Gauntlet)
  66 fungi
  132 plants
  20 withered plants (Gauntlet)
308 creatures vanquished.

Grand Total: 706 creatures vanquished

Notes
Turn   | Place    | Note
-------+----------+-------------------------------------------
     0 | D:1      | Morbidden the Demonspawn Conjurer began the quest for the
                  | Orb.
     0 | D:1      | Reached XP level 1. HP: 13/13 MP: 3/3
   561 | D:1      | Found Xito's Magic Scroll Shop.
   659 | D:1      | Gained mutation: You have sharp fingernails. [demonic
                  | ancestry]
   659 | D:1      | Reached XP level 2. HP: 19/19 MP: 1/5
  1544 | D:2      | Learned a level 2 spell: Searing Ray
  1746 | D:2      | Reached XP level 3. HP: 25/25 MP: 6/6
  2406 | D:2      | Reached skill level 1 in Fighting
  2641 | D:2      | Gained mutation: You regenerate magic rapidly. [demonic
                  | ancestry]
  2641 | D:2      | Reached XP level 4. HP: 21/32 MP: 2/7
  2646 | D:2      | Learned a level 4 spell: Olgreb's Toxic Radiance
  2910 | D:3      | Reached skill level 1 in Unarmed Combat
  3084 | D:3      | Found a burning altar of Makhleb.
  3096 | D:3      | Reached skill level 5 in Conjurations
  3096 | D:3      | Reached XP level 5. HP: 37/37 MP: 1/9
  3316 | D:3      | Found an ancient bone altar of Kikubaaqudgha.
  3632 | D:3      | Found a sparkling altar of Nemelex Xobeh.
  3641 | D:3      | Found a shimmering blue altar of Sif Muna.
  3656 | D:3      | You fall into a shaft and drop 2 floors!
  3656 | D:5      | Entered Level 5 of the Dungeon
  3857 | D:4      | Found Haacun Utia's General Store.
  4001 | D:3      | Found a broken altar of Ashenzari.
  4225 | D:4      | Gained mutation: You are partially covered in slimy green
                  | scales. (AC +2) [demonic ancestry]
  4225 | D:4      | Reached XP level 6. HP: 37/44 MP: 1/10
  4570 | D:4      | Reached skill level 1 in Poison Magic
  4877 | D:4      | Noticed Eustachio
  4891 | D:4      | Noticed Robin
  5174 | D:4      | Killed Robin
  5175 | D:4      | Reached XP level 7. HP: 43/50 MP: 3/12
  5268 | D:4      | Killed Eustachio
  5584 | D:4      | Found a staircase to the Ecumenical Temple.
  5667 | Temple   | Entered the Ecumenical Temple
  5830 | Temple   | Became a worshipper of Jiyva Jocvooku the Shapeless
  6292 | D:5      | Reached XP level 8. HP: 47/57 MP: 7/14
  6588 | D:5      | Reached * piety under Jiyva
  6807 | D:5      | Reached skill level 1 in Evocations
  7863 | D:6      | Reached skill level 5 in Spellcasting
  7921 | D:6      | Reached ** piety under Jiyva
  8338 | D:6      | Found a runed translucent door.
  8339 | D:6      | Noticed Crazy Yiuf
  8476 | D:6      | Killed Crazy Yiuf
  8536 | D:7      | Noticed a boulder beetle
  8685 | D:7      | Reached *** piety under Jiyva
  8729 | D:7      | Gained mutation: You are mostly covered in slimy green
                  | scales. (AC +3) [demonic ancestry]
  8729 | D:7      | Reached XP level 9. HP: 64/64 MP: 12/17
  8747 | D:7      | Noticed Duvessa
  8747 | D:7      | Noticed Dowan
  8755 | D:7      | Killed Duvessa
  8764 | D:7      | Killed Dowan
  8813 | D:7      | Found an opulent altar of Gozag.
  8816 | D:7      | Found a hazy altar of Hepliaklqana.
  8819 | D:7      | Found a sacrificial altar of Ru.
  8822 | D:7      | Found a hide-covered altar of Uskayaw.
  8830 | D:7      | Gained mutation: Your skin changes colour to match your
                  | surroundings (Stealth+). [Jiyva's grace]
  8830 | D:7      | Gained mutation: Your skin blends seamlessly with your
                  | surroundings (Stealth++). [Jiyva's grace]
  8830 | D:7      | Gained mutation: Your skin perfectly mimics your
                  | surroundings (Stealth+++). [Jiyva's grace]
  8830 | D:7      | Gained mutation: Your flesh is heat resistant. (rF+)
                  | [Jiyva's grace]
  8902 | D:7      | Identified the +2 robe of Failure {Slay+2 SInv}
  9304 | D:7      | Noticed a five-headed hydra
  9795 | D:8      | Reached **** piety under Jiyva
 10310 | D:9      | Noticed a centaur warrior
 10335 | D:9      | Found a staircase to the Orcish Mines.
 10368 | D:9      | Gained mutation: You have very sharp fingernails. [demonic
                  | ancestry]
 10368 | D:9      | Reached XP level 10. HP: 71/71 MP: 16/20
 10436 | D:9      | Found an ornate altar of the Wu Jian Council.
 10593 | D:9      | Reached ***** piety under Jiyva
 10688 | D:9      | Killed a centaur warrior
 10907 | D:9      | Noticed Erolcha
 10914 | D:9      | Killed Erolcha
 10997 | D:9      | Found a bloodstained altar of Trog.
 11111 | D:10     | Entered Level 10 of the Dungeon
 11127 | D:10     | Reached skill level 5 in Unarmed Combat
 11128 | D:10     | Identified 2 scrolls of acquirement
 11128 | D:10     | Acquired the +2 cloak of Cesulu {rElec rF- rC+ Str+3}
 11130 | D:10     | Acquired a book of Annihilations
 11200 | D:10     | Reached skill level 5 in Poison Magic
 11208 | D:10     | Found a staircase to the Lair.
 11292 | D:10     | Reached skill level 5 in Evocations
 11300 | D:10     | Found a flagged portal.
 11317 | Bailey   | Entered a bailey
 11325 | Bailey   | Noticed an orc knight
 11325 | Bailey   | Noticed an orc knight
 11387 | Bailey   | Lost mutation: Your skin perfectly mimics your surroundings
                  | (Stealth+++). [Jiyva's grace]
 11387 | Bailey   | Gained mutation: Your body has grown eyes which may confuse
                  | attackers. (Acc +3) [Jiyva's grace]
 11387 | Bailey   | Gained mutation: Your body has grown many eyes which may
                  | confuse attackers. (Acc +5) [Jiyva's grace]
 11387 | Bailey   | Gained mutation: Your body is covered in eyes which may
                  | confuse attackers. (Acc +7, SInv) [Jiyva's grace]
 11387 | Bailey   | Lost mutation: Your skin blends seamlessly with your
                  | surroundings (Stealth++). [Jiyva's grace]
 11387 | Bailey   | Lost mutation: Your skin changes colour to match your
                  | surroundings (Stealth+). [Jiyva's grace]
 11387 | Bailey   | Gained mutation: Your translucent skin slightly reduces
                  | your foes' accuracy. (Stealth+) [Jiyva's grace]
 11462 | Bailey   | Killed an orc knight
 11468 | Bailey   | Reached XP level 11. HP: 47/78 MP: 16/23
 11469 | Bailey   | Killed an orc knight
 11470 | Bailey   | Reached skill level 5 in Fighting
 11846 | D:10     | Found Plog's Distillery.
 11852 | D:10     | Bought 2 potions of heal wounds for 120 gold pieces
 11852 | D:10     | Bought a potion of heal wounds for 60 gold pieces
 12274 | D:11     | Found a gate leading to a gauntlet.
 12282 | Gauntlet | Entered a Gauntlet
 12282 | Gauntlet | Noticed a great orb of eyes
 12282 | Gauntlet | Found a transporter.
 12282 | Gauntlet | Found a transporter.
 12282 | Gauntlet | Found a transporter.
 12283 | Gauntlet | Found a transporter.
 12283 | Gauntlet | Noticed a green ugly thing
 12286 | Gauntlet | Found a transporter.
 12287 | Gauntlet | Killed a great orb of eyes
 12295 | Gauntlet | Noticed a white ugly thing
 12298 | Gauntlet | Found a transporter.
 12314 | Gauntlet | Noticed a hell beast
 12319 | Gauntlet | Found a transporter.
 12330 | Gauntlet | Found a transporter.
 12391 | Gauntlet | Found a transporter.
 12395 | Gauntlet | Noticed a death scarab
 12401 | Gauntlet | Found a transporter.
 12416 | Gauntlet | Found a transporter.
 12426 | Gauntlet | Found a transporter.
 12492 | Gauntlet | Noticed a sea snake
 12530 | Gauntlet | Killed a white ugly thing
 12535 | Gauntlet | Killed a green ugly thing
 12604 | Gauntlet | Identified the amulet "Sum Qaaf" {Fly rF- Regen+ Str+3}
 12625 | Gauntlet | Killed a hell beast
 12696 | Gauntlet | Noticed a minotaur
 12705 | Gauntlet | Killed a minotaur
 12706 | Gauntlet | Reached skill level 5 in Dodging
 13156 | D:11     | Noticed a seven-headed hydra
 13182 | D:11     | Killed a seven-headed hydra
 13225 | D:11     | Noticed a deep elf pyromancer
 13239 | D:11     | Killed a deep elf pyromancer
 13353 | D:11     | Found a runed translucent door.
 13354 | D:11     | Noticed RaderH2O's ghost (journeyman MiBe)
 13403 | Lair:1   | Entered Level 1 of the Lair of Beasts
 13427 | Lair:1   | Noticed a four-headed hydra
 13432 | Lair:1   | Noticed Gastronok
 13451 | D:10     | Killed a four-headed hydra
 13481 | Lair:1   | Killed Gastronok
 13491 | Lair:1   | Gained mutation: You have claws for hands. [demonic
                  | ancestry]
 13491 | Lair:1   | Reached XP level 12. HP: 47/87 MP: 25/25
 13825 | Lair:1   | Noticed Joseph
 13833 | Lair:1   | Killed Joseph
 13932 | Lair:1   | Gained mutation: Your melee attacks may engulf your foes in
                  | ooze. [Jiyva's grace]
 13932 | Lair:1   | Gained mutation: You have acidic saliva. [Jiyva's grace]
 13932 | Lair:1   | Gained mutation: Your spells are a little harder to cast,
                  | but a little more powerful. [Jiyva's grace]
 13932 | Lair:1   | Gained mutation: Your spells are harder to cast, but more
                  | powerful. [Jiyva's grace]
 14049 | Lair:1   | Reached ****** piety under Jiyva
 14696 | Lair:2   | Learned a level 4 spell: Flame Wave
 15477 | Lair:3   | Found a staircase to the Swamp.
 15602 | Lair:3   | Reached skill level 1 in Fire Magic
 15778 | Lair:3   | Lost mutation: Your spells are harder to cast, but more
                  | powerful. [Jiyva's grace]
 15778 | Lair:3   | Lost mutation: You have acidic saliva. [Jiyva's grace]
 15778 | Lair:3   | Lost mutation: Your body is covered in eyes which may
                  | confuse attackers. (Acc +7, SInv) [Jiyva's grace]
 15778 | Lair:3   | Gained mutation: You expend magic power (3 MP) to
                  | strengthen your wands. [Jiyva's grace]
 15778 | Lair:3   | Gained mutation: You possess an exceptional clarity of
                  | mind. [Jiyva's grace]
 15778 | Lair:3   | Gained mutation: Your rubbery body absorbs attacks. (AC +1,
                  | EV +1) [Jiyva's grace]
 15778 | Lair:3   | Gained mutation: Your pliable body absorbs attacks. (AC +2,
                  | EV +2) [Jiyva's grace]
 15911 | Lair:3   | Identified the +6 hand crossbow of Cyasm {elec, Drain rElec
                  | Dex+2}
 15912 | Lair:3   | Noticed Sonja
 15919 | Lair:3   | Killed Sonja
 16912 | Lair:4   | Found a hole to the Spider Nest.
 16949 | Lair:4   | Reached skill level 5 in Stealth
 16978 | Lair:4   | Gained mutation: You are partially covered in sharp spines.
                  | [demonic ancestry]
 16978 | Lair:4   | Reached XP level 13. HP: 85/95 MP: 26/26
 17565 | Lair:5   | Found a runed translucent gate.
 17571 | Lair:5   | Noticed Wolly's ghost (journeyman CeAM)
 17628 | Lair:5   | Found a staircase to the Slime Pits.
 17736 | Lair:5   | Found a runed translucent gate.
 17737 | Lair:5   | Found a runed translucent gate.
 17770 | Lair:5   | Lost mutation: Your flesh is heat resistant. (rF+) [Jiyva's
                  | grace]
 17770 | Lair:5   | Lost mutation: Your spells are a little harder to cast, but
                  | a little more powerful. [Jiyva's grace]
 17770 | Lair:5   | Lost mutation: Your body has grown many eyes which may
                  | confuse attackers. (Acc +5) [Jiyva's grace]
 17770 | Lair:5   | Lost mutation: Your translucent skin slightly reduces your
                  | foes' accuracy. (Stealth+) [Jiyva's grace]
 17770 | Lair:5   | Lost mutation: Your melee attacks may engulf your foes in
                  | ooze. [Jiyva's grace]
 17770 | Lair:5   | Gained mutation: You have a pair of small horns on your
                  | head. [Jiyva's grace]
 17770 | Lair:5   | Gained mutation: You have a pair of horns on your head.
                  | [Jiyva's grace]
 17770 | Lair:5   | Gained mutation: You have a pair of large horns on your
                  | head. [Jiyva's grace]
 17770 | Lair:5   | Gained mutation: Your translucent skin slightly reduces
                  | your foes' accuracy. (Stealth+) [Jiyva's grace]
 18023 | Lair:5   | Reached skill level 10 in Conjurations
 18113 | Lair:6   | Entered Level 6 of the Lair of Beasts
 18121 | Lair:6   | Reached skill level 10 in Unarmed Combat
 18277 | Lair:6   | Found a runed translucent gate.
 18277 | Lair:6   | Found a runed translucent gate.
 18277 | Lair:6   | Found a runed translucent gate.
 18381 | Lair:6   | Engulfed by a cloud of flame

Illustrated notes

Levels and vault maps discovered:
D:1:      minmay_arrival_three_doors, layout_loops_ring, serial_shops, shop,
          grunt_decor_mini_mirrors, minmay_misc_feat_chi
D:2:      wad_crossroads, layout_loops_corners, chequers_serial_rivers_micro_d
D:3:      corexii_shack_village, layout_basic, general_overflow_altar,
          demons_altar, nicolae_kikubaaqudgha_miasma_corner,
          mainiacjoe_overflow_swirl
D:4:      layout_rooms, minmay_temple_entry_trees, serial_shops, shop_statue,
          roderic_roman_lattice, minmay_misc_feat_cross, minmay_manual_moon,
          uniq_robin, uniq_eustachio
D:5:      layout_basic, minmay_crossroads
D:6:      layout_cave_pools, minmay_misc_feat_four_crosses,
          minmay_increasing_density, uniq_crazy_yiuf_cottage
D:7:      minmay_cornered_nines, layout_basic, grunt_temple_overflow_cloverleaf,
          uniq_duvessa
D:8:      layout_basic
D:9:      layout_loops_ring, trog_book, nicolae_wu_jian_wuxing_cycle,
          david_orc_3, minmay_misc_feat_tiny, uniq_erolcha
D:10:     layout_loops_ring, lair_entry_dummy, enter_bailey_4, serial_shops,
          shop, chequers_serial_rivers_room_b
D:11:     layout_basic, ebering_ghost_reflecting_pool, gauntlet_entry_generic
Temple:   pf_slime_end_temple
Lair:1:   layout_misc_corridors, grunt_megastairs_4, infiniplex_staircase_pool,
          uniq_gastronok, uniq_joseph
Lair:2:   layout_cave_pods, lemuel_fruit_tree, wad_woods_river_01
Lair:3:   layout_layer_cave, swamp_mist, uniq_sonja
Lair:4:   layout_cellular_growth, spider_nest_entry_webs,
          hangedman_lair_unloving_vines, lemuel_fruit_fields
Lair:5:   layout_big_grid, minmay_slime_entry_oklob_open, gammafunk_ghost_split,
          serial_bayou_shore_b, serial_bayou_shore_b
Lair:6:   evil_forest, layout_misc_corridors, gammafunk_ghost_icy

Skill      XL: |  1  2  3  4  5  6  7  8  9 10 11 12 13 |
---------------+----------------------------------------+-----
Fighting       | 1 2 3 4 5 6 7 |  7.5
Unarmed Combat | 1 2 3 4 5 7 9 10 | 10.5
Dodging        | 2 3 4 5 6 7 |  7.1
Stealth        | 2 3 4 5 |  5.2
Conjurations   | 5 6 7 8 9 10 | 10.2
Spellcasting   | 3 4 5 6 8 9 |  9.8
Poison Magic   | 1 2 3 4 5 6 |  6.9
Evocations     | 2 3 5 6 7 |  7.6
Fire Magic     | 1 2 |  2.7
Maces & Flails | |  0.8

Action                   |  1- 3 |  4- 6 |  7- 9 | 10-12 | 13-15 || total
-------------------------+-------+-------+-------+-------+-------++-------
Melee: Unarmed           |    58 |    52 |    39 |   538 |   158 ||   845
       Whip              |       |       |     9 |       |       ||     9
       Punch             |       |       |       |    40 |    16 ||    56
       Bite              |       |       |       |    33 |       ||    33
       Headbutt          |       |       |       |       |    38 ||    38
Throw: Dart              |       |       |       |     1 |       ||     1
       Throwing net      |       |       |       |     1 |       ||     1
 Cast: Magic Dart        |    71 |   107 |   119 |    23 |     2 ||   322
       Searing Ray       |       |    14 |    79 |    20 |     1 ||   114
       Olgreb's Toxic Ra |       |     1 |     3 |    30 |     7 ||    41
       Flame Wave        |       |       |       |       |     9 ||     9
Invok: Oozemancy         |       |       |       |     1 |       ||     1
Evoke: Box of beasts     |       |       |       |       |     1 ||     1
  Use: Potion            |       |     1 |       |     4 |       ||     5
       Scroll            |       |       |       |    11 |     1 ||    12
 Stab: Sleeping          |     1 |     1 |       |     9 |     4 ||    15
       Confused          |       |       |       |    29 |     1 ||    30
       Distracted        |       |       |       |     1 |     1 ||     2
Armor: Robe              |    14 |    18 |    60 |   194 |    44 ||   330
       Skin              |       |       |       |    17 |       ||    17
Dodge: Dodged            |    40 |    82 |   189 |   537 |   175 ||  1023
